 Dungeon Crawl Stone Soup version 0.23-b1-6-ga921848 (webtiles) character file.

Game seed: 8489490421830510798

155519 atarun the Peltast (level 17, -18/154 HPs)
             Began as a Minotaur Berserker on Feb 2, 2019.
             Was the Champion of Trog.
             Demolished by an enormous slime creature (58 damage)
             ... on level 4 of the Swamp.
             The game lasted 03:17:49 (26465 turns).

atarun the Peltast (Minotaur Berserker)            Turns: 26465, Time: 03:17:50

Health: -18/154    AC: 29    Str: 33    XL:     17   Next: 8%
Magic:  23/23      EV:  9    Int:  4    God:    Trog [******]
Gold:   436        SH: 23    Dex: 14    Spells: 16/16 levels left

rFire    . . .     SeeInvis +   a - +4 eveningstar (elec)
rCold    + . .     Gourm    .   O - +0 large shield
rNeg     . . .     Faith    .   I - +4 plate armour {rC+}
rPois    +         Spirit   .   C - +0 mask of the Dragon {MR+ Slay+3 SInv}
rElec    .         Reflect  .   D - scarf {cloud immunity}
rCorr    +         Harm     .   f - +2 pair of gloves {Str+3}
MR       +++..                  E - +0 pair of boots
Stlth    ..........             T - amulet "Jootuimi" {rPois Regen+ Str+3 Slay+2}
HPRegen  0.75/turn              y - ring of resist corrosion
MPRegen  0.18/turn              j - ring of protection from magic

@: studying Slings
A: retaliatory headbutt, horns 2, iridescent scales 1, yellow scales 1, agile 1,
deterioration 1, sturdy frame 1
a: Berserk, Trog's Hand, Brothers in Arms, Renounce Religion


You were on level 4 of the Swamp.
You worshipped Trog.
Trog was exalted by your worship.
You were not hungry.

You visited 4 branches of the dungeon, and saw 27 of its levels.
You visited the Abyss 1 time.
You also visited: Ice Cave.

You collected 3001 gold pieces.
You spent 2565 gold pieces at shops.

Inventory:

Hand Weapons
 a - a +4 eveningstar of electrocution (weapon)
 b - a +3 fustibalus of freezing
Missiles
 e - 253 sling bullets
 h - 516 stones (quivered)
Armour
 c - a +2 cloak of magic resistance
 f - a +2 pair of gloves of strength (worn)
 g - +0 acid dragon scales
 u - a +2 plate armour of fire resistance
 C - the +0 mask of the Dragon (worn) {MR+ Slay+3 SInv}
   (You bought it in a shop on level 2 of the Orcish Mines)

   It affects your accuracy and damage with ranged weapons and melee attacks
   (+3).
   It affects your resistance to hostile enchantments.
   It lets you see invisible.
 D - a scarf of cloud immunity (worn)
 E - a +0 pair of boots (worn)
 G - the +2 hat of the Bear Spirit {Spirit, +Rage rN+ MR++}
   (You acquired it on level 11 of the Dungeon)

   It protects you from negative energy.
   It affects your resistance to hostile enchantments.
   It lets you go berserk.
 I - a +4 plate armour of cold resistance (worn)
 O - a +0 large shield (worn)
Jewellery
 j - a ring of protection from magic (right hand)
 y - a ring of resist corrosion (left hand)
 J - a +5 ring of intelligence
 M - an uncursed ring of positive energy
 S - the ring of the Hero {rF+ rC++ Dex-5}
   (You found it on level 15 of the Dungeon)

   [ring of protection from fire]

   It affects your dexterity (-5).
   It protects you from fire.
   It greatly protects you from cold.
 T - the amulet "Jootuimi" (around neck) {rPois Regen+ Str+3 Slay+2}
   (You found it on level 1 of the Abyss)

   [amulet of regeneration]

   It affects your strength (+3).
   It affects your accuracy and damage with ranged weapons and melee attacks
   (+2).
   It protects you from poison.
   It increases your rate of regeneration.
Wands
 d - a wand of polymorph (5)
 v - a wand of flame (33)
 w - a wand of scattershot (14)
 z - a wand of acid (23)
 F - a wand of paralysis (33)
 K - a wand of disintegration (35)
Scrolls
 l - a scroll of summoning
 m - 14 scrolls of teleportation
 n - 2 scrolls of identify
 o - 4 scrolls of magic mapping
 p - 3 scrolls of fog
 r - 6 scrolls of remove curse
 H - 2 scrolls of blinking
 N - a scroll of fear
Potions
 k - 3 potions of haste
 q - 7 potions of curing
 s - 7 potions of agility
 t - 4 potions of resistance
 x - a potion of cancellation
 A - 3 potions of flight
 L - 3 potions of heal wounds
 P - 2 potions of might
Books
 R - a manual of Slings
Miscellaneous
 B - a box of beasts
 Q - a phial of floods
 U - a sack of spiders
Comestibles
 i - 28 rations


   Skills:
 + Level 14.9 Fighting
 - Level 16.4 Maces & Flails
 - Level 14.0 Slings
 + Level 14.6 Armour
 - Level 2.1 Dodging
 * Level 17.2 Shields
 + Level 10.4 Evocations


You had 16 spell levels left.
You didn't know any spells.
Your spell library was empty.

Dungeon Overview and Level Annotations

Branches:
Dungeon (15/15)            Temple (0/1) D:7            Lair (6/6) D:11
  Swamp (4/4) Lair:2       Spider (0/4) Lair:2        Slime (0/5) Lair:6
    Orc (2/2) D:9             Elf (0/3) Orc:2        Vaults (0/5) D:14
 Depths (0/5) D:15

Altars:
Cheibriados
Dithmenos
Elyvilon
Okawaru
Qazlal
Ru
Sif Muna
Trog
Vehumet
Xom
Zin
The Shining One
Jiyva

Shops:
D:5 [   D:9 [[   Orc:2 :(*[(

Annotations:
Lair:1 exclusion: oklob plant
Lair:3 exclusion: 2 oklob plants


Innate Abilities, Weirdness & Mutations

You reflexively headbutt those who attack you in melee.
You have a pair of horns on your head.
You are partially covered in iridescent scales. (AC +2)
You are partially covered in yellow scales. (AC +2)
You are agile. (Dex +2)
Your body sometimes deteriorates upon taking damage.
Your movements are slightly less encumbered by armour. (ER -2)


Message History

Lightning courses through the swamp dragon!
You headbutt the swamp dragon.
The swamp dragon is severely wounded.
A swamp worm comes into view.
You block the seven-headed hydra's attack.
The seven-headed hydra closely misses you.
The seven-headed hydra bites you but does no damage.
You block the seven-headed hydra's attack.
The seven-headed hydra bites you but does no damage.
The seven-headed hydra closely misses you.
You block the seven-headed hydra's attack.
The swamp dragon bites you but does no damage.
The swamp dragon claws you but does no damage.
The swamp dragon tramples you but does no damage.
You impale the swamp dragon!!
You kill the swamp dragon!
Trog accepts your kill.
You hear a splash.
The enormous slime creature hits you!!!
You die...

#........♣♣
♣.§....♣♣♣ ♣♣♣.#.♣♣♣
♣♣ ♣≈°...♣ ##
♣≈.♣♣♣°♣.††♣ #≈≈###
#≈.♣♣≈†..♣
≈≈≈≈.≈####.≈♣†..♣
≈#≈≈.≈≈#≈≈.≈....♣♣♣
.≈§..kJ@†.†..[..≈≈≈≈
.≈D≈n≈D##..≈♣♣..≈≈≈≈≈
.$≈≈≈## ###.♣♣≈.<≈≈≈.
≈≈≈≈ ##≈.♣♣ ≈♣♣♣♣≈≈
.≈D #≈.♣♣ ♣♣ ≈≈ .≈
#♣♣≈♣ w ≈# ≈≈ ♣≈#


You could see a seven-headed hydra, a six-headed hydra, a swamp dragon, an
enormous slime creature, a bog body, a swamp worm and a swamp drake.

Vanquished Creatures
  Rupert (D:12)
  Gastronok (D:8)
  A thorn hunter (Swamp:3)
  Agnes (D:15)
  An orc warlord (Orc:2)
  Louise (Swamp:1)
  Nessos (Lair:6)
  The ghost of Murgh the Cleaver, a journeyman MiBe of Trog (Lair:4)
  Josephine (Swamp:1)
  4 vault guards (D:14)
  Erolcha (D:10)
  20 hydras
  2 shambling mangroves (Swamp:1)
  3 catoblepae (Lair:6)
  10 ghost crabs
  6 centaur warriors
  10 alligators
  2 tengu warriors (D:14)
  11 two-headed ogres
  An ogre mage (D:15)
  A death knight (D:15)
  7 death yaks (Lair:6)
  2 thrashing horrors (Abyss:1)
  5 orc high priests
  Nergalle (Orc:1)
  Urug (Lair:5)
  Sonja (Lair:4)
  A shadow wraith (Abyss:1)
  A sea snake (shapeshifter) (D:15)
  3 spriggan druids (Swamp:1)
  4 unseen horrors
  An unseen horror (shapeshifter) (D:15)
  5 swamp dragons
  5 large abominations (Abyss:1)
  Pikel (D:4)
  6 orc knights
  3 deep elf magi (D:15)
  5 manticores
  7 orc sorcerers (Orc:2)
  9 ugly things
  A worldbinder (Abyss:1)
  3 cyclopes
  5 elephants (Lair:6)
  3 black mambas
  3 centaur zombies
  A torpor snail (Lair:6)
  4 apocalypse crabs (Swamp:1)
  A gargoyle (D:9)
  19 spiny frogs
  5 rime drakes
  A spiny frog (shapeshifter) (D:15)
  A centaur skeleton (D:10)
  A komodo dragon (shapeshifter) (Abyss:1)
  A yaktaur (shapeshifter) (D:15)
  5 ice devils (IceCv)
  7 komodo dragons
  A jumping spider (shapeshifter) (D:15)
  A troll (D:14)
  9 tyrant leeches
  2 polar bears (Lair:6)
  4 raiju (Abyss:1)
  8 blink frogs
  6 hippogriffs
  9 hornets
  8 slime creatures
  4 bog bodies
  A meliai zombie (D:11)
  7 dream sheep (Lair:6)
  9 spriggans
  A ynoxinul (Abyss:1)
  A centaur simulacrum (D:15)
  2 redbacks (Lair:2)
  52 yaks
  8 wraiths
  4 basilisks
  A neqoxec (Abyss:1)
  2 hungry ghosts (D:14)
  12 vampire mosquitoes
  2 chaos spawn (Abyss:1)
  8 swamp worms
  7 wargs
  13 insubstantial wisps
  2 acid dragons
  11 swamp drakes
  14 water moccasins
  6 porcupines
  An ice beast (D:7)
  3 black bears
  2 phantoms
  3 sky beasts
  32 orc warriors
  A starcursed mass (Abyss:1)
  A necrophage (D:11)
  10 ogres
  6 boggarts
  17 centaurs
  2 small abominations (Abyss:1)
  13 crocodiles
  2 big kobolds
  16 bullfrogs
  A gnoll sergeant (D:7)
  7 scorpions
  11 killer bees
  17 wights
  10 electric eels
  5 crimson imps
  5 howler monkeys
  2 bullfrog zombies
  11 jellies
  A quasit (D:13)
  Crazy Yiuf (D:3)
  6 hounds
  20 orc priests
  29 orc wizards
  10 worker ants
  4 iguanas
  2 human simulacra (D:13)
  A hound zombie (D:7)
  3 gnolls (D:7)
  8 adders
  3 shadow imps
  12 oozes
  2 adder zombies
  2 worms
  A dart slug (D:1)
  5 leopard geckos
  102 orcs
  8 bats
  5 giant cockroaches
  12 hobgoblins
  3 quokkas
  7 frilled lizards
  5 goblins
  12 kobolds
  10 rats
876 creatures vanquished.

Vanquished Creatures (collateral kills)
  A rime drake (Lair:1)
  A hornet (Swamp:2)
  A spriggan (Swamp:2)
3 creatures vanquished.

Vanquished Creatures (others)
  A spatial maelstrom (Abyss:1)
  A spriggan druid (Swamp:1)
  A vampire mosquito (Swamp:1)
  A swamp worm (Swamp:2)
  An ogre (D:9)
  An orc wizard (Orc:2)
  A frilled lizard (D:4)
  A briar patch (Swamp:3)
  13 fungi
  9 plants
  9 starspawn tentacles (Abyss:1)
39 creatures vanquished.

Grand Total: 918 creatures vanquished

Notes
Turn   | Place    | Note
-------+----------+-------------------------------------------
     0 | D:1      | atarun the Minotaur Berserker began the quest for the Orb.
     0 | D:1      | Reached XP level 1. HP: 19/19 MP: 0/0
   341 | D:1      | Reached XP level 2. HP: 27/27 MP: 1/1
  1339 | D:2      | Reached XP level 3. HP: 33/33 MP: 2/2
  1906 | D:3      | Reached ** piety under Trog
  1912 | D:3      | Reached skill level 5 in Maces & Flails
  1912 | D:3      | Reached XP level 4. HP: 37/40 MP: 3/3
  2245 | D:3      | Reached XP level 5. HP: 36/47 MP: 4/4
  2283 | D:3      | Found a runed translucent door.
  2284 | D:3      | Noticed Crazy Yiuf
  2292 | D:3      | Killed Crazy Yiuf
  2292 | D:3      | Reached skill level 1 in Slings
  2320 | D:3      | HP: 2/47 [poisoned by Crazy Yiuf]
  3039 | D:3      | Found a shadowy altar of Dithmenos.
  3119 | D:4      | Reached skill level 1 in Shields
  3119 | D:4      | Reached XP level 6. HP: 34/53 MP: 5/5
  3339 | D:4      | Reached skill level 1 in Evocations
  3595 | D:4      | Found a sacrificial altar of Ru.
  3597 | D:4      | Found a shimmering altar of Xom.
  3597 | D:4      | Found a shimmering altar of Xom.
  3599 | D:4      | Found an iron altar of Okawaru.
  3599 | D:4      | Found a snail-covered altar of Cheibriados.
  3599 | D:4      | Found a shimmering altar of Xom.
  3716 | D:4      | Reached skill level 5 in Fighting
  3716 | D:4      | Reached skill level 2 in Shields
  3716 | D:4      | Reached XP level 7. HP: 61/61 MP: 5/7
  3718 | D:4      | Found a stormy altar of Qazlal.
  3723 | D:4      | Noticed Pikel
  3745 | D:4      | Killed Pikel
  3745 | D:4      | Reached skill level 3 in Shields
  3957 | D:4      | Found a radiant altar of Vehumet.
  4138 | D:5      | Entered Level 5 of the Dungeon
  4186 | D:5      | Found Boxatalisch's Antique Armour Shop.
  4198 | D:5      | Bought a pair of glowing gloves for 210 gold pieces
  4266 | D:5      | Reached XP level 8. HP: 64/69 MP: 8/8
  4520 | D:5      | Found a deep blue altar of Sif Muna.
  4521 | D:5      | Found a glowing silver altar of Zin.
  4573 | D:5      | Noticed a moth of wrath
  4576 | D:5      | Found a bloodstained altar of Trog.
  4662 | D:6      | Reached *** piety under Trog
  4751 | D:6      | Found a white marble altar of Elyvilon.
  4817 | D:6      | Found a sacrificial altar of Ru.
  5045 | D:5      | Bought a runed cloak for 210 gold pieces
  5162 | D:7      | Reached skill level 5 in Armour
  5164 | D:7      | Reached skill level 4 in Shields
  5184 | D:7      | Found a staircase to the Ecumenical Temple.
  5799 | D:7      | Reached XP level 9. HP: 78/78 MP: 10/10
  6174 | D:8      | Reached skill level 5 in Shields
  6223 | D:8      | Found a white marble altar of Elyvilon.
  6227 | D:8      | Reached **** piety under Trog
  6233 | D:8      | Noticed a komodo dragon
  6243 | D:8      | Killed a komodo dragon
  6243 | D:8      | Reached skill level 10 in Maces & Flails
  6305 | D:8      | Reached skill level 5 in Slings
  6448 | D:8      | Found a glowing golden altar of the Shining One.
  6483 | D:8      | Noticed Gastronok
  6541 | D:8      | Killed Gastronok
  6541 | D:8      | Reached skill level 6 in Shields
  6541 | D:8      | Reached XP level 10. HP: 88/88 MP: 12/12
  6653 | D:8      | Found a transporter.
  6669 | D:8      | Found a transporter.
  6721 | D:8      | Gained mutation: You are agile. (Dex +2) [potion of
                  | mutation]
  6721 | D:8      | Gained mutation: Your movements are slightly less
                  | encumbered by armour. (ER -2) [potion of mutation]
  6721 | D:8      | Gained mutation: You are partially covered in yellow
                  | scales. (AC +2) [potion of mutation]
  7586 | D:9      | Found a staircase to the Orcish Mines.
  7588 | D:9      | Found Huquur's Armour Boutique.
  7657 | D:9      | Noticed a gargoyle
  7662 | D:9      | Killed a gargoyle
  7748 | D:9      | Reached skill level 5 in Evocations
  8162 | D:9      | Found Kesh's Armour Boutique.
  8170 | D:9      | Bought a scarf of cloud immunity for 77 gold pieces
  8170 | D:9      | Bought a +0 pair of boots for 49 gold pieces
  8451 | D:10     | Entered Level 10 of the Dungeon
  8468 | D:10     | Reached skill level 7 in Shields
  8583 | D:10     | Found a stormy altar of Qazlal.
  8710 | D:10     | Reached ***** piety under Trog
  8939 | D:10     | Noticed a two-headed ogre
  8947 | D:10     | Killed a two-headed ogre
  8947 | D:10     | Reached XP level 11. HP: 95/95 MP: 14/14
  8972 | D:10     | Noticed Erolcha
  8981 | D:10     | Killed Erolcha
  8981 | D:10     | Reached skill level 8 in Shields
  9469 | D:11     | Noticed a white ugly thing
  9482 | D:11     | Killed a white ugly thing
  9483 | D:11     | Found a staircase to the Lair.
  9503 | D:11     | Identified a scroll of acquirement
  9504 | D:11     | Found the +2 hat of the Bear Spirit {Spirit, +Rage rN+
                  | MR++}
  9545 | D:11     | Killed an unseen horror
  9652 | D:11     | Noticed a seven-headed hydra
  9659 | D:11     | Killed a seven-headed hydra
  9659 | D:11     | Reached skill level 9 in Shields
  9677 | D:11     | Noticed a green ugly thing
  9686 | D:11     | Killed a green ugly thing
 10194 | D:12     | Noticed Rupert
 10211 | D:12     | Killed Rupert
 10211 | D:12     | Reached skill level 10 in Shields
 10249 | D:12     | Received a gift from Trog
 10334 | D:12     | Noticed a brown ugly thing
 10348 | D:12     | Reached XP level 12. HP: 54/106 MP: 15/15
 10577 | D:13     | Noticed a six-headed hydra
 10584 | D:13     | Killed a six-headed hydra
 10822 | D:13     | Reached skill level 10 in Fighting
 10827 | D:13     | Noticed a two-headed ogre
 10837 | D:13     | Killed a two-headed ogre
 11115 | D:13     | Reached skill level 11 in Shields
 11121 | D:13     | Noticed a centaur warrior
 11128 | D:13     | Killed a centaur warrior
 11558 | D:14     | Noticed a tengu warrior
 11565 | D:14     | Killed a tengu warrior
 11574 | D:14     | Found a frozen archway.
 11590 | IceCv    | Entered an ice cave
 11624 | IceCv    | Reached skill level 10 in Armour
 11781 | Lair:1   | Entered Level 1 of the Lair of Beasts
 12038 | Lair:1   | Received a gift from Trog
 12060 | Lair:1   | Noticed a six-headed hydra
 12066 | Lair:1   | Killed a six-headed hydra
 12130 | Lair:1   | Reached XP level 13. HP: 100/114 MP: 17/17
 12210 | Lair:1   | Reached skill level 12 in Shields
 12763 | Lair:2   | Received a gift from Trog
 12819 | Lair:2   | Found a hole to the Spider Nest.
 13216 | Lair:2   | Found a staircase to the Swamp.
 14536 | Lair:4   | Noticed Sonja
 14543 | Lair:4   | Killed Sonja
 14548 | Lair:4   | Received a gift from Trog
 14697 | Lair:4   | Found a runed translucent door.
 14697 | Lair:4   | Noticed Murgh's ghost (journeyman MiBe)
 14700 | Lair:4   | Identified the +2 trident "Urghucukaq" {holy, rF+}
 14713 | Lair:4   | Killed Murgh's ghost
 14734 | Lair:4   | Reached skill level 13 in Shields
 15187 | Lair:4   | Reached ****** piety under Trog
 15327 | Lair:5   | Noticed Urug
 15338 | Lair:5   | Killed Urug
 15598 | Lair:5   | Reached skill level 10 in Slings
 16119 | Lair:6   | Entered Level 6 of the Lair of Beasts
 16314 | Lair:6   | Received a gift from Trog
 16338 | Lair:6   | Reached XP level 14. HP: 125/125 MP: 19/19
 17057 | Lair:6   | Found a viscous altar of Jiyva.
 17057 | Lair:6   | Found a staircase to the Slime Pits.
 17086 | Lair:6   | Reached skill level 14 in Shields
 17183 | Lair:6   | Noticed Nessos
 17194 | Lair:6   | Killed Nessos
 17480 | Lair:6   | Received a gift from Trog
 17917 | Orc:1    | Entered Level 1 of the Orcish Mines
 17953 | Orc:1    | Cast into level 1 of the Abyss (orc warrior)
 18143 | Abyss:1  | Noticed a tentacled starspawn
 18179 | Abyss:1  | HP: 4/127 [raiju/living lightning (10)]
 18362 | Abyss:1  | Noticed a tentacled starspawn
 18555 | Abyss:1  | Noticed an angel
 18595 | Abyss:1  | Noticed a starcursed mass
 18603 | Abyss:1  | Gained mutation: Your body sometimes deteriorates upon
                  | taking damage. [a neqoxec]
 18608 | Abyss:1  | Got a pitted jade amulet
 18697 | Abyss:1  | Noticed a starcursed mass
 18731 | Orc:1    | Escaped the Abyss
 18800 | Orc:1    | Identified the amulet "Jootuimi" {rPois Regen+ Str+3
                  | Slay+2} (You found it on level 1 of the Abyss)
 18964 | Orc:1    | Reached skill level 15 in Maces & Flails
 19115 | Orc:2    | Entered Level 2 of the Orcish Mines
 19115 | Orc:2    | Found a staircase to the Elven Halls.
 19139 | Orc:2    | Reached XP level 15. HP: 126/134 MP: 18/21
 19335 | Orc:2    | Received a gift from Trog
 19549 | Orc:2    | Lost intelligence.
 19550 | Orc:2    | Gained mutation: You are partially covered in iridescent
                  | scales. (AC +2) [a neqoxec]
 20526 | Orc:1    | Noticed Nergalle
 20534 | Orc:1    | Killed Nergalle
 21217 | D:14     | Found a gate to the Vaults.
 21602 | D:15     | Entered Level 15 of the Dungeon
 21605 | D:15     | Received a gift from Trog
 21612 | D:15     | Noticed Agnes
 21625 | D:15     | Killed Agnes
 21970 | D:15     | Received a gift from Trog
 21970 | D:15     | Reached skill level 10 in Evocations
 22112 | D:15     | Reached skill level 15 in Shields
 22408 | D:15     | Received a gift from Trog
 22515 | D:15     | Received a gift from Trog
 22557 | D:15     | Found a staircase to the Depths.
 22698 | D:15     | Got a coiled glass ring
 22699 | D:15     | Identified the ring of the Hero {rF+ rC++ Dex-5} (You found
                  | it on level 15 of the Dungeon)
 23168 | Orc:2    | Reached XP level 16. HP: 144/144 MP: 22/22
 23571 | Orc:2    | Found Hatux's General Store.
 23572 | Orc:2    | Found Meploune's Book Boutique.
 23574 | Orc:2    | Found Zutas's Antique Armour Shop.
 23574 | Orc:2    | Found Tast's Antique Weapon Shop.
 23591 | Orc:2    | Bought the +0 mask of the Dragon {MR+ Slay+3 SInv} for 1135
                  | gold pieces
 23591 | Orc:2    | Found the +0 mask of the Dragon {MR+ Slay+3 SInv}
 23591 | Orc:2    | Bought a runed plate armour for 884 gold pieces
 23688 | Orc:2    | Found Famumoywu's Antique Weapon Shoppe.
 23972 | Swamp:1  | Entered Level 1 of the Swamp
 24038 | Swamp:1  | Received a gift from Trog
 24050 | Swamp:1  | Noticed Josephine
 24060 | Swamp:1  | Killed Josephine
 24480 | Swamp:1  | Received a gift from Trog
 24542 | Swamp:1  | Found a runed translucent door.
 24565 | Swamp:1  | Noticed Louise
 24598 | Swamp:1  | Killed Louise
 24598 | Swamp:1  | Reached skill level 16 in Shields
 24733 | Swamp:1  | Identified Yngumed's Almanac of Evil Arcane Weapons
 25635 | Swamp:3  | Noticed a thorn hunter
 25664 | Swamp:3  | Killed a thorn hunter
 25791 | Swamp:3  | Reached skill level 17 in Shields
 25981 | Swamp:3  | Received a gift from Trog
 26409 | Swamp:4  | Entered Level 4 of the Swamp
 26427 | Swamp:4  | Reached XP level 17. HP: 152/154 MP: 23/23
 26465 | Swamp:4  | Demolished by an enormous slime creature

Skill      XL: |  1  2  3  4  5  6  7  8  9 10 11 12 13 14 15 16 |
---------------+-------------------------------------------------+-----
Fighting       | 4 5 6 7 8 9 10 11 12 13 14 | 14.9
Maces & Flails | 4 5 6 7 8 9 10 11 12 13 15 16 | 16.4
Slings         | 1 2 3 4 5 6 8 9 10 11 13 14 | 14.0
Armour         | 3 4 5 7 9 10 11 12 13 14 | 14.6
Shields        | 1 2 3 4 6 7 10 11 13 14 15 17 | 17.2
Evocations     | 1 2 3 4 5 6 7 8 9 10 | 10.4
Dodging        | |  2.1

Action                   |  1- 3 |  4- 6 |  7- 9 | 10-12 | 13-15 | 16-18 || total
-------------------------+-------+-------+-------+-------+-------+-------++-------
Melee: Mace              |    58 |       |       |       |       |       ||    58
       Headbutt          |     4 |    11 |    61 |   133 |   338 |   154 ||   701
       Flail             |       |    88 |    13 |    40 |       |       ||   141
       Whip              |       |       |   238 |    33 |       |       ||   271
       Morningstar       |       |       |       |   434 |   466 |       ||   900
       Eveningstar       |       |       |       |       |   701 |   537 ||  1238
 Fire: Hunting sling     |    19 |    10 |    19 |    40 |    50 |       ||   138
       Fustibalus        |       |       |       |       |     9 |       ||     9
Throw: Stone             |       |       |       |     4 |    22 |    16 ||    42
Invok: Berserk           |     2 |     2 |     6 |     4 |    13 |     1 ||    28
       Trog's Hand       |       |       |       |       |     1 |     1 ||     2
Evoke: Wand              |       |       |       |     5 |       |       ||     5
       Box of beasts     |       |       |       |       |       |     1 ||     1
  Use: Scroll            |     4 |     4 |     7 |    11 |    18 |     9 ||    53
       Potion            |     2 |     3 |     4 |     4 |     4 |       ||    17
 Stab: Petrifying        |       |       |       |       |     1 |       ||     1
  Eat: Ration            |     2 |     2 |     4 |     7 |    15 |     4 ||    34
Armor: Animal skin       |     3 |       |       |       |       |       ||     3
       Robe              |    10 |       |       |       |       |       ||    10
       Ring mail         |       |     4 |       |       |       |       ||     4
       Scale mail        |       |    25 |     9 |       |       |       ||    34
       Chain mail        |       |       |    73 |     6 |       |       ||    79
       Plate armour      |       |       |       |   225 |   580 |   247 ||  1052
Dodge: Dodged            |    41 |    20 |    57 |   131 |   259 |    91 ||   599
Block: Shield            |       |    30 |    74 |   286 |   251 |       ||   641
       Large shield      |       |       |       |       |   877 |   565 ||  1442
